 Dungeon Crawl Stone Soup version 0.28-b1-25-g9875b3fc8c (webtiles) character file.

Game seed: 12173294455914152255

49 adizb the Skirmisher (level 3, 0/29 (34) HPs)
             Began as a Hill Orc Fighter on Feb 2, 2022.
             Slain by a goblin (2 damage)
             ... led by Robin
             ... on level 2 of the Dungeon.
             The game lasted 00:04:19 (868 turns).

adizb the Skirmisher (Hill Orc Fighter)              Turns: 868, Time: 00:04:20

HP:   0/29 (34)     AC:  6    Str: 20    XL:     3   Next: 77%
MP:   3/3           EV:  9    Int:  8    God:
Gold: 12            SH:  4    Dex: 10    Spells: 2/2 levels left

rFire   + . .      SeeInvis .   a - +0 war axe
rCold   . . .      Faith    .   c - +0 buckler
rNeg    . . .      Spirit   .   b - +0 scale mail
rPois   .          Reflect  .   (no helmet)
rElec   .          Harm     .   (no cloak)
rCorr   .          Rampage  .   (no gloves)
Will    .....                   (no boots)
Stlth   ..........              (no amulet)
HPRegen 0.09/turn               g - ring of protection from fire
MPRegen 0.08/turn               (no ring)

@: lethally poisoned (0 -> -4), heavily drained
A: no striking features
a: no special abilities


You were on level 2 of the Dungeon.
You visited 1 branch of the dungeon, and saw 2 of its levels.

You collected 12 gold pieces.

Inventory:

Hand Weapons
 a - a +0 war axe (weapon)
Armour
 b - a +0 scale mail (worn)
 c - a +0 buckler (worn)
Jewellery
 g - a ring of protection from fire (left hand)
Scrolls
 f - a scroll of torment {unknown}
 h - a scroll of fog {unknown}
 j - a scroll of silence
Potions
 d - a potion of might
 e - a potion of attraction {unknown}


   Skills:
 * Level 4.3 Fighting
 * Level 3.7 Axes
 + Level 3.6 Armour
 + Level 3.6 Shields


You had 2 spell levels left.
You didn't know any spells.
Your spell library was empty.

Dungeon Overview and Level Annotations

Branches:
Dungeon (2/15)

Altars:

Shops:
D:1 ?

Annotations:
D:2 Robin


Message History

You slash the hobgoblin!
You kill the hobgoblin!
You hit the goblin.
You kill the goblin!
The goblin hits you with a +0 dagger. The hobgoblin hits you.
Robin roars a battlecry!
The goblins go into a battle-frenzy!
A hobgoblin comes into view.
The hobgoblin hits you. The goblin hits you but does no damage.
Robin barely misses you.
A goblin comes into view. It is wielding a +0 club.
The hobgoblin shouts!
You hear a shout!
The hobgoblin hits you but does no damage.
Robin barely misses you.
Things that are here:
a +0 dagger; a +0 dagger You closely miss the ball python.
You hit the goblin but do no damage. You slash the hobgoblin!
You kill the hobgoblin!
The ball python bites you but does no damage.
The ball python grabs you. The ball python constricts you.
The goblin hits you but does no damage.
Robin hits you from afar with a +3 trident of venom.
You are lethally poisoned!
A goblin comes into view. It is wielding a +0 club.
You escape the ball python's grasp.
* * * LOW HITPOINT WARNING * * *
You feel very sick.
Robin roars a battlecry!
* * * LOW HITPOINT WARNING * * *
You feel sick.
* * * LOW HITPOINT WARNING * * *
You feel sick. Robin throws the goblin at you!
The goblin hits you but does no damage.
As you read the scroll labelled EDEONI YTAHOSH, it crumbles to dust.
It is a scroll of identify.
j - a scroll of silence
* * * LOW HITPOINT WARNING * * *
You feel sick. The goblin hits you with a +0 dagger.
You die...

# #.......# #
#.......#<.....g. #
#.......#........ #
##### #.†....)#
.....g#.#
....###.......#
.....#.# #
................
...... ..
....###.#######.
...##.### ....#
#.############g.......
#####
#........g@gS)........
##############))......
#########


You could see Robin, 2 goblins and a ball python.

Vanquished Creatures
  3 dart slugs (D:1)
  2 bats (D:1)
  3 endoplasms (D:1)
  10 goblins
  4 hobgoblins
  5 kobolds (D:1)
  3 quokkas (D:1)
  3 ball pythons (D:1)
  A frilled lizard (D:1)
  5 rats
39 creatures vanquished.

Notes
Turn   | Place    | Note
-------+----------+-------------------------------------------
     0 | D:1      | adizb the Hill Orc Fighter began the quest for the Orb.
     0 | D:1      | Reached XP level 1. HP: 19/19 MP: 1/1
    97 | D:1      | Reached XP level 2. HP: 23/27 MP: 2/2
   219 | D:1      | Reached skill level 4 in Fighting
   262 | D:1      | Found Guokk's Magic Scroll Shoppe.
   502 | D:1      | Reached XP level 3. HP: 33/33 MP: 3/3
   855 | D:2      | Noticed Robin
   868 | D:2      | Slain by a goblin

Illustrated notes

Levels and vault maps discovered:
D:1:      dpeg_arrival_simpleton_b, layout_basic, serial_shops, shop
D:2:      layout_rooms, uniq_robin, uniq_terence, uniq_natasha

Skill      XL: |  1  2 |
---------------+-------+-----
Axes           | 3 |  3.7
Fighting       | 4 |  4.3
Armour         | |  3.6
Shields        | |  3.6

Action                   || total
-------------------------++-------
Melee: War axe           ||    87
  Use: Scroll            ||     1
Armor: Scale mail        ||    55
Dodge: Dodged            ||    52
Block: Buckler           ||    23
